AoeStats
← [ITCF]TANK

African Clearing

504801276Analyzed
3v3 RM · 25d ago on Sep 6, 2026· 20m 26s· 6 players
Game mode
Random Map
Map size
Normal (6 player)
Population
200
Speed
Normal
Resources
Standard
Victory
Conquest
Starting age
Dark Age
Ending age
Imperial Age
RankedLock teamsTeams togetherTeam positionsShared explorationLock speedFull tech treeHidden civsTurbo modeCheats
Victory
Defeat
🇹🇼 Huns · Taiwan
1298
+14
🇹🇼 Hindustanis · Taiwan
1298
+14
🇹🇼 Mongols · Taiwan
1297
+14
🇨🇴 Persians · Colombia
1261
-14
🇧🇷 Malay · Brazil
1260
-14
🇮🇩 Hindustanis · Indonesia
1258
-14
S.O.A.D_BR
11:53 Loom
17:35 Feudal Age
Patroclo
11:33 Loom
13:40 Feudal Age
14:25 Double-Bit Axe
18:30 Bloodlines
18:20 Town Watch
Wings of Freedom
8:45 Loom
11:52 Feudal Age
14:23 Double-Bit Axe
16:58 Scale Barding Armor
[ITCF]TANK
9:55 Loom
12:53 Feudal Age
17:11 Castle Age
17:09 Double-Bit Axe
17:23 Gold Mining
18:01 Fletching
18:38 Horse Collar
[ITCF]Hentai
9:36 Loom
12:06 Feudal Age
13:17 Town Watch
13:24 Double-Bit Axe
20:48 Fletching
[ITCF]yuli
7:51 Loom
12:07 Feudal Age
16:12 Scale Barding Armor
16:18 Forging
22:02 Castle Age
Connection lost

Rejoining the realm…

Still unreachable

The connection could not be restored.

Session expired

The server has moved on; the page needs a fresh start.